AoeStats
← Outplayed

Arena

516019764Analyzed
1v1 RM · 13d ago on Oct 24, 2026· 16m 23s· 2 players
Game mode
Random Map
Map size
Tiny (2 player)
Population
200
Speed
Normal
Resources
Standard
Victory
Conquest
Starting age
Dark Age
Ending age
Imperial Age
RankedLock teamsTeams togetherTeam positionsShared explorationLock speedFull tech treeHidden civsTurbo modeCheats
Victory
Defeat
1204
+17
vs
🇪🇸 Spanish · Spain
1220
-17
坚定守住,就有办法
10:20 Feudal Age
14:35 Castle Age
13:26 Double-Bit Axe
13:59 Horse Collar
14:45 Loom
Outplayed
10:20 Feudal Age
9:39 Loom
14:03 Castle Age
12:24 Double-Bit Axe
13:15 Double-Bit Axe
Connection lost

Rejoining the realm…

Still unreachable

The connection could not be restored.

Session expired

The server has moved on; the page needs a fresh start.